AoeStats
← jmunozgames

Arabia

510915505Analyzed
1v1 RM · 11h ago on Oct 3, 2026· 61m 0s· 2 players
Game mode
Random Map
Map size
Tiny (2 player)
Population
200
Speed
Normal
Resources
Standard
Victory
Conquest
Starting age
Dark Age
Ending age
Imperial Age
RankedLock teamsTeams togetherTeam positionsShared explorationLock speedFull tech treeHidden civsTurbo modeCheats
Victory
Defeat
🇩🇪 Armenians · Germany
400
+15
🇨🇱 Sicilians · Chile
370
-15
jmunozgames
0:30 Loom
14:43 Feudal Age
17:41 Double-Bit Axe
19:16 Town Watch
20:40 Horse Collar
23:41 Wheelbarrow
30:20 Castle Age
28:39 Stone Mining
28:45 Gold Mining
32:23 Town Patrol
32:39 Hand Cart
34:10 Murder Holes
34:36 Ballistics
37:00 First Crusade
40:15 Masonry
41:12 Pikeman
42:21 Fletching
42:34 Scale Mail Armor
46:27 Imperial Age
48:10 Stone Shaft Mining
48:11 Gold Shaft Mining
48:29 Conscription
50:53 Sappers
51:56 Hauberk
53:23 Hoardings
54:14 Elite Serjeant
55:36 Forging
55:21 Bodkin Arrow
55:42 Chain Mail Armor
55:34 Scale Barding Armor
59:37 Chemistry
58:08 Cavalier
lenomat
8:44 Loom
11:15 Feudal Age
12:00 Double-Bit Axe
13:53 Man-at-Arms
16:06 Scale Mail Armor
16:42 Horse Collar
18:42 Forging
17:55 Long Swordsman
18:22 Arson
20:32 Gold Mining
20:33 Stone Mining
20:41 Fletching
23:13 Wheelbarrow
22:24 Town Watch
26:52 Castle Age
30:38 Bow Saw
30:29 Heavy Plow
31:07 Gold Shaft Mining
30:53 Chain Mail Armor
31:14 Iron Casting
30:35 Bodkin Arrow
30:30 Gambesons
31:47 Two-Handed Swordsman
32:30 Padded Archer Armor
33:10 Murder Holes
32:57 Treadmill Crane
34:00 Squires
38:36 Imperial Age
36:48 Fervor
36:59 Sanctity
37:52 Champion
43:23 Hoardings
43:08 Conscription
42:55 Fereters
44:11 Plate Mail Armor
44:41 Blast Furnace
43:42 Bracer
43:58 Leather Archer Armor
44:08 Ballistics
50:54 Capped Ram
54:45 Siege Ram
55:03 Elite Skirmisher
58:20 Elite Composite Bowman
62:02 Ring Archer Armor
Connection lost

Rejoining the realm…

Still unreachable

The connection could not be restored.

Session expired

The server has moved on; the page needs a fresh start.